 Dungeon Crawl Stone Soup version 0.29.1-1-gd02db6906a (webtiles) character file.

Game seed: 3262183330168683883

1167 mortz the Trooper (level 8, -2/70 HPs)
             Began as a Hill Orc Monk on Oct 4, 2022.
             Was a Priest of Beogh.
             Succumbed to a gnoll sergeant's poison
             ... on level 5 of the Dungeon.
             The game lasted 00:28:23 (6527 turns).

mortz the Trooper (Hill Orc Monk)                   Turns: 6527, Time: 00:28:23

Health: -2/70      AC: 14    Str: 16    XL:     8   Next: 40%
Magic:  8/8        EV: 12    Int: 10    God:    Beogh [***...]
Gold:   323        SH:  0    Dex: 13    Spells: 7/7 levels left

rFire   . . .      SeeInvis .   s - +1 short sword (protect)
rCold   . . .      Faith    .   (no shield)
rNeg    . . .      Spirit   .   h - +1 ring mail
rPois   .          Reflect  .   p - +0 helmet
rElec   .          Harm     .   (no cloak)
rCorr   .          Rampage  .   (no gloves)
Will    .....                   t - +1 pair of boots
Stlth   ++........              (no amulet)
HPRegen 0.21/turn               g - +4 ring of protection
MPRegen 0.11/turn               (no ring)

@: lethally poisoned (-2 -> -16)
A: no striking features
a: Renounce Religion, Smiting


You were on level 5 of the Dungeon.
You worshipped Beogh.
Beogh was most pleased with you.
You visited 1 branch of the dungeon, and saw 6 of its levels.

You collected 323 gold pieces.

Inventory:

Hand Weapons
 a - a +0 falchion
 q - a +0 spear
 s - a +1 short sword of protection (weapon)
 u - a +0 hand axe
Missiles
 k - a throwing net (quivered)
Armour
 e - a +0 scale mail
 h - a +1 ring mail (worn)
 p - a +0 helmet (worn)
 t - a +1 pair of boots (worn)
Jewellery
 g - a +4 ring of protection (left hand)
Wands
 i - a wand of flame (14)
 j - a wand of roots (5)
Scrolls
 m - a scroll of magic mapping
 v - 2 scrolls of poison
 w - 3 scrolls of teleportation
 x - 5 scrolls of butterflies
 B - a scroll of identify
Potions
 b - 2 potions of attraction
 c - a potion of ambrosia
 d - a potion of brilliance
 f - a potion of magic
 l - a potion of degeneration
 n - a potion of heal wounds
 o - 5 potions of curing
 r - 2 potions of invisibility
 z - 2 potions of haste {unknown}


   Skills:
 * Level 6.2 Fighting
 + Level 4.3(5.3) Short Blades
 + Level 5.1(6.1) Long Blades
 + Level 0.1 Throwing
 + Level 4.6 Armour
 + Level 3.7 Dodging
 + Level 3.1 Stealth


You had 7 spell levels left.
You didn't know any spells.
Your spell library contained the following spells:

 Spells                   Type           Power      Damage    Failure   Level
 Foxfire                  Conj/Fire      0%         2x1d4     56%         1
 Conjure Flame            Conj/Fire      0%         6-21      90%         3
 Inner Flame              Hex/Fire       0%         N/A       90%         3
 Summon Guardian Golem    Hex/Summ       0%         N/A       90%         3
 Cause Fear               Hex            0%         N/A       100%        4
 Flame Wave               Conj/Fire      0%         2d4       100%        4
 Dragon Form              Tmut           0%         N/A       100%        7
 Orb of Destruction       Conj           0%         9d5       100%        7
 Spellforged Servitor     Conj/Summ      0%         N/A       100%        7
 Dragon's Call            Summ           0%         N/A       100%        9


Dungeon Overview and Level Annotations

Branches:
Dungeon (6/15) Zot: 26346  Temple (0/1) D:5

Altars:
Fedhas

Shops:
D:2 :   D:4 *

Annotations:
D:4 2 runed translucent doors, tardwrangler69's ghost, amateur DEEE


Message History

You hit the gnoll.
The gnoll is heavily wounded.
You feel very sick.
You hit the gnoll.
The gnoll is severely wounded.
You feel very sick. The gnoll hits you but does no damage.
You are more poisoned.
The gnoll hits you but does no damage.
The gnoll sergeant hits you but does no damage.
You are more poisoned.
You feel extremely sick.
You hit the gnoll.
You kill the gnoll!
Beogh accepts your kill.
You feel very sick. The gnoll closely misses you.
You feel very sick. The gnoll misses you.
The gnoll sergeant hits you from afar with a +0 spear of venom.
You are lethally poisoned!
You see here a +0 whip of venom.
You hit the gnoll.
The gnoll is moderately wounded.
* * * LOW HITPOINT WARNING * * *
You feel very sick. The gnoll hits you but does no damage.
The gnoll sergeant hits you but does no damage.
You are more poisoned.
* * * LOW HITPOINT WARNING * * *
You feel very sick. The gnoll barely misses you.
* * * LOW HITPOINT WARNING * * *
You feel very sick.
There is a stone staircase leading up here.
* * * LOW HITPOINT WARNING * * *
You feel very sick. The gnoll hits you but does no damage.
You climb upwards.
You die...

#....[.....##..# ##.......#
#..........##..####........#
##.........##..##..........#
##................##......#
########.###...#.........#
#.###.#.#.##......#
#..##.#.#)####....# ##.##.#...#
##..#.. #.@.......###......
##.###..##......#.#.
############..##...##....#.#.#.
#.........##.###......####.####
#............###....### ###≈≈≈
#................##.## ##≈≈..
#...........###..##..## ##≈≈...
#>†.......#..[..####..###≈≈....
#.........#.....# ##.##≈≈.....


There were no monsters in sight!

Vanquished Creatures
  2 sky beasts
  2 ogres (D:4)
  2 phantoms (D:4)
  A centaur (D:6)
  2 scorpions (D:5)
  A necrophage (D:6)
  A howler monkey (D:4)
  A hound (D:5)
  2 jellies
  3 iguanas
  Natasha (thrice) (D:2)
  4 gnolls
  3 adders (D:6)
  A worm (D:2)
  4 dart slugs (D:1)
  7 orcs
  6 ball pythons
  9 endoplasms
  4 giant cockroaches
  6 goblins
  5 hobgoblins
  4 kobolds
  2 quokkas
  7 bats
  3 frilled lizards
  3 rats (D:1)
88 creatures vanquished.

Vanquished Creatures (others)
  An orc priest (D:2)
  An orc (D:6)
  A ball python (D:2)
3 creatures vanquished.

Grand Total: 91 creatures vanquished

Notes
Turn   | Place    | Note
-------+----------+-------------------------------------------
     0 | D:1      | mortz the Hill Orc Monk began the quest for the Orb.
     0 | D:1      | Reached XP level 1. HP: 19/19 MP: 1/1
     3 | D:1      | Noticed an electric eel
     4 | D:1      | Noticed an electric eel
   357 | D:1      | Reached XP level 2. HP: 27/27 MP: 2/2
   496 | D:1      | Reached skill level 4 in Fighting
   501 | D:1      | Reached XP level 3. HP: 28/33 MP: 3/3
  1351 | D:2      | Became a worshipper of Beogh the Brigand
  1351 | D:2      | Reached * piety under Beogh
  1351 | D:2      | Reached ** piety under Beogh
  1466 | D:2      | Noticed Natasha
  1486 | D:2      | Killed Natasha
  1487 | D:2      | Reached XP level 4. HP: 23/40 MP: 4/4
  1672 | D:2      | Noticed Natasha
  1688 | D:2      | Killed Natasha
  1689 | D:2      | Reached skill level 1 in Armour
  2154 | D:2      | Noticed Natasha
  2170 | D:2      | Killed Natasha
  2171 | D:2      | Reached XP level 5. HP: 33/47 MP: 5/5
  2374 | D:2      | Found Suklicha's Book Shop.
  2715 | D:3      | Found a faded altar of an unknown god.
  3466 | D:4      | Noticed an ogre
  3513 | D:4      | Killed an ogre
  3514 | D:4      | Reached skill level 5 in Long Blades
  3514 | D:4      | Reached XP level 6. HP: 39/53 MP: 6/6
  3625 | D:4      | Found a runed translucent door.
  3699 | D:4      | Reached skill level 1 in Short Blades
  4092 | D:4      | Reached XP level 7. HP: 52/60 MP: 7/7
  4256 | D:4      | Noticed tardwrangler69's ghost (amateur DEEE)
  4302 | D:4      | Reached skill level 5 in Fighting
  4304 | D:4      | Found Lqixzahicoe's Luxury Loot.
  4355 | D:4      | Found a runed translucent door.
  4574 | D:4      | Found a blossoming altar of Fedhas.
  4596 | D:5      | Entered Level 5 of the Dungeon
  5263 | D:5      | Reached *** piety under Beogh
  5525 | D:5      | Found a staircase to the Ecumenical Temple.
  5682 | D:5      | Reached XP level 8. HP: 69/69 MP: 8/8
  6234 | D:6      | Reached skill level 6 in Fighting
  6526 | D:6      | HP: 3/70 [poisoned by a gnoll sergeant]
  6527 | D:5      | Succumbed to a gnoll sergeant's poison

Illustrated notes

Levels and vault maps discovered:
D:1:      arrival_aquarium_b, layout_basic
D:2:      layout_basic, serial_shops, nicolae_square_shop, chequers_jeans,
          uniq_natasha
D:3:      layout_loops_corners, basic_ecumenical_altar
D:4:      layout_basic, fedhas_altar_4, ebering_ghost_sewer_f,
          nicolae_alphabet_shops
D:5:      layout_rooms, minmay_temple_entry_grid, kennysheep_cross_room
D:6:      layout_loops_cross, serial_shops, shop, kennysheep_little_box

Skill      XL: |  1  2  3  4  5  6  7  8 |
---------------+-------------------------+-----
Fighting       | 4 5 6 |  6.2
Long Blades    | 4 5 |  5.1
Armour         | 1 2 3 4 |  4.6
Dodging        | 3 |  3.7
Stealth        | 2 3 |  3.1
Short Blades   | 2 3 4 |  4.3
Throwing       | |  0.1

Action                   |  1- 3 |  4- 6 |  7- 9 || total
-------------------------+-------+-------+-------++-------
Melee: Falchion          |   129 |    77 |       ||   206
       Punch             |     2 |     1 |     6 ||     9
       Short sword       |       |    80 |   288 ||   368
       Spear             |       |     5 |       ||     5
Throw: Throwing net      |       |     1 |     1 ||     2
Invok: Convert to Beogh  |     1 |       |       ||     1
  Use: Scroll            |     4 |     7 |     6 ||    17
       Potion            |       |     1 |       ||     1
 Stab: Sleeping          |     2 |     3 |     2 ||     7
       Held in net/web   |       |     2 |       ||     2
       Distracted        |       |       |     2 ||     2
Armor: Robe              |     7 |       |       ||     7
       Ring mail         |    19 |    55 |   140 ||   214
Dodge: Dodged            |    74 |    58 |   146 ||   278
